 Seeded DCSS version 0.32-a0-40-g2adb59a (webtiles) character file.

Game seed: 4493101583277482573 (custom seed)

1410 malesh the Sneak (level 8, -2/56 (67) HPs)
             Began as a Red Draconian Brigand on Jan 24, 2024.
             Slain by a wight
             ... wielding a +3 morningstar
              (7 damage)
             ... on level 7 of the Dungeon.
             The game lasted 00:21:57 (6691 turns).

malesh the Sneak (Red Draconian Brigand)            Turns: 6691, Time: 00:21:57

HP:   -2/56 (67)    AC:  8    Str: 14    XL:     8   Next: 42%
MP:   8/8           EV: 14    Int: 12    God:
Gold: 220           SH:  0    Dex: 14    Spells: 7/7 levels left

rFire   + . .        a - +2 dagger
rCold   x . .        (no shield)
rNeg    . . .        (body armour unavailable)
rPois   .            (helmet restricted)
rElec   .            o - +0 cloak
rCorr   +            x - +0 pair of gloves
SInv    +            (no boots)
Will    +....        (no amulet)
Stlth   ++++         i - ring of resist corrosion
HPRegen 0.29/turn    v - ring of Eternal Night {rC- Will+ rCorr SInv Stlth+}
MPRegen 0.11/turn

%: no passive effects
@: heavily drained
A: breathe fire, AC +6, unfitting armour, fire resistance 1, cold-blooded
a: Breathe Fire


You were on level 7 of the Dungeon.
You visited 2 branches of the dungeon, and saw 8 of its levels.
You also visited: Sewer.

You collected 322 gold pieces.
You spent 102 gold pieces at shops.

Inventory:

Hand Weapons
 a - a +2 dagger (weapon)
 n - the +1 sling "Qehaduqe" {speed, Fly}
   (You found it on level 3 of the Dungeon)

   Fly:       It grants you flight.
Missiles
 c - 13 poisoned darts (quivered)
 d - 3 curare-tipped darts
Armour
 o - a +0 cloak (worn)
 x - a +0 pair of gloves (worn)
 y - a scarf of shadows
Jewellery
 i - a ring of resist corrosion (left hand)
 v - the ring of Eternal Night (right hand) {rC- Will+ rCorr SInv Stlth+}
   (You found it in a sewer)

   [ring of willpower]

   rC-:       It makes you vulnerable to cold.
   Will+:     It increases your willpower.
   SInv:      It lets you see invisible.
   rCorr:     It protects you from acid and corrosion.
   Stlth+:    It makes you more stealthy.
Wands
 l - a wand of polymorph (10)
 A - a wand of roots (15)
Scrolls
 b - 3 scrolls of blinking
 f - 2 scrolls of immolation
 j - 2 scrolls of teleportation
 k - 2 scrolls of vulnerability
 p - 2 scrolls of identify
 q - a scroll of noise {unknown}
 r - 2 scrolls of enchant armour {unknown}
 w - a scroll of amnesia {unknown}
 B - a scroll of fear
Potions
 e - a potion of ambrosia {unknown}
 g - a potion of enlightenment {unknown}
 h - a potion of haste {unknown}
 m - a potion of cancellation {unknown}
 s - a potion of lignification
 t - 2 potions of curing
 u - 2 potions of resistance
 z - a potion of attraction


   Skills:
 + Level 4.5 Fighting
 + Level 5.9 Short Blades
 + Level 3.4 Throwing
 + Level 4.7 Dodging
 + Level 6.1 Stealth


You had 7 spell levels left.
You didn't know any spells.
Your spell library contained the following spells:

 Spells                   Type           Power      Damage    Failure   Level
 Foxfire                  Conj/Fire      0%         2x1d4     32%         1
 Slow                     Hex            0%         N/A       32%         1
 Call Imp                 Summ           0%         N/A       45%         2
 Sublimation of Blood     Necr           0%         N/A       45%         2
 Confusing Touch          Hex            0%         N/A       69%         3
 Gell's Gravitas          Tloc           0%         N/A       69%         3
 Sigil of Binding         Hex            0%         N/A       69%         3
 Teleport Other           Tloc           0%         N/A       69%         3
 Vampiric Draining        Necr           0%         2d6       69%         3
 Dispersal                Tloc           0%         N/A       100%        6
 Plasma Beam              Fire/Air       0%         2x1d10    100%        6
 Starburst                Conj/Fire      0%         6d3       100%        6
 Summon Hydra             Summ           0%         N/A       100%        7


Dungeon Overview and Level Annotations

Branches:
Dungeon (7/15)             Temple (1/1) D:6           Sewer (visited)

Altars:
Ashenzari
Cheibriados
Elyvilon
Fedhas
Gozag
Hepliaklqana
Kikubaaqudgha
Makhleb
Nemelex Xobeh
Qazlal
Ru
Sif Muna
Trog
Uskayaw
Vehumet
Wu Jian
Xom
Yredelemnul
Zin
The Shining One

Shops:
D:1 *   D:5 [   D:6 !

Annotations:
D:3 1 runed translucent door, PiratePeteNZ's ghost, amateur MfGl


Innate Abilities, Weirdness & Mutations

You can breathe blasts of fire.
Your fiery red scales are hard. (AC +6)
You cannot fit into any form of body armour.
Your flesh is heat resistant. (rF+)
You are cold-blooded and may be slowed by cold attacks.


Message History

The wight is moderately damaged.
You hit the wight.
The wight is heavily damaged.
The wight hits you with a +3 morningstar.
You hit the wight but do no damage.
The wight is heavily damaged.
The wight completely misses you.
You hit the wight but do no damage.
The wight is heavily damaged.
A wight comes into view. It is wielding a +3 morningstar.
The wight hits you with a +3 morningstar!
You barely miss the wight.
The wight is heavily damaged.
You hit the wight.
Your tail-slap misses the wight.
The wight is heavily damaged.
The wight hits you with a +3 morningstar.
You feel drained.
You hit the wight but do no damage.
The wight is heavily damaged.
A wight comes into view. It is wielding a +3 morningstar.
The wight hits you with a +3 morningstar.
You feel drained.
You hit the wight but do no damage.
The wight is heavily damaged.
You hit the wight but do no damage. You tail-slap the wight.
The wight is heavily damaged.
The wight hits you with a +3 morningstar.
You feel drained.
You barely miss the wight.
Your tail-slap misses the wight.
The wight is heavily damaged.
The wight hits you with a +3 morningstar!
* * * LOW HITPOINT WARNING * * *
You feel drained.
* * * LOW HITPOINT WARNING * * *
Okay, then.
Unknown command.
The wight attacks as it pursues you! The wight misses you.
The wight attacks as it pursues you!
The wight hits you with a +3 morningstar!
You die...

#.# #### #.#
##<.## ##.#
.....## #..##
......# ##...##
......##
###zz...###
.).....#
##..###)...####
.......#
###.z#####......##
......## ##..@##
#.........###
......# ##..###
##..........#
......# ###..##
#...........
.>....####...##
#........#..
.....#......##
##..........
.....###......#
#.......... ..(.##
#<.....#
#.........< ...#
#........#
#####...... ...
#........# .......


You could see 3 wights.

Vanquished Creatures
  Sigmund (D:4)
  An ice beast (D:5)
  2 ogres
  4 bullfrogs
  A bombardier beetle (D:4)
  A centaur zombie (D:6)
  2 hounds
  A bullfrog zombie (D:6)
  A jelly (D:5)
  An orc priest (D:6)
  Jessica (D:2)
  2 iguanas
  3 orc wizards (D:6)
  4 killer bee zombies (D:6)
  A howler monkey zombie (D:6)
  4 gnolls (D:6)
  12 adders
  2 ufetubi (D:6)
  9 dart slugs
  5 orcs
  8 ball pythons
  4 bats
  7 endoplasms
  16 giant cockroaches
  6 goblins
  7 hobgoblins
  5 jackals
  4 quokkas
  10 frilled lizards
  4 kobolds
  3 rats
132 creatures vanquished.

Notes
Turn   | Place    | Note
-------+----------+-------------------------------------------
     0 | D:1      | malesh the Draconian Brigand began the quest for the Orb.
     0 | D:1      | Reached XP level 1. HP: 17/17 MP: 1/1
   110 | D:1      | Reached XP level 2. HP: 25/25 MP: 2/2
   247 | D:1      | Reached skill level 4 in Stealth
   435 | D:1      | Found Udefegh's General Store.
   442 | D:1      | Reached skill level 1 in Dodging
  1031 | D:2      | You fall into a shaft and drop 1 floor!
  1100 | D:3      | Reached XP level 3. HP: 30/30 MP: 3/3
  1297 | D:3      | Identified the +1 sling "Qehaduqe" {speed, Fly}
  1384 | D:3      | Found a runed translucent door.
  1388 | D:3      | Noticed PiratePeteNZ's ghost (amateur MfGl)
  1628 | D:2      | Noticed Jessica
  1834 | D:2      | Killed Jessica
  1835 | D:2      | Reached XP level 4. HP: 26/37 MP: 4/4
  2837 | D:4      | Reached XP level 5. HP: 37/45 MP: 5/5
  2904 | D:4      | Found a glowing drain.
  2978 | Sewer    | Entered a sewer
  3512 | Sewer    | Reached XP level 6. HP: 21/51 MP: 6/6
  3743 | Sewer    | Identified the ring of Eternal Night {rC- Will+ rCorr SInv
                  | Stlth+}
  4110 | D:4      | Noticed Sigmund
  4127 | D:4      | Killed Sigmund
  4128 | D:4      | Your scales start taking on a fiery red colour.
  4128 | D:4      | Reached XP level 7. HP: 42/58 MP: 7/7
  4128 | D:4      | Gained mutation: Your flesh is heat resistant. (rF+) [Red
                  | Draconian growth]
  4387 | D:5      | Entered Level 5 of the Dungeon
  4395 | D:5      | Reached skill level 5 in Stealth
  4872 | D:5      | Reached skill level 5 in Short Blades
  5129 | D:5      | Found Qiuhieso's Armour Boutique.
  5209 | D:5      | Bought a +0 pair of gloves for 63 gold pieces
  5366 | D:6      | Found Vecroeb's Distillery.
  5371 | D:6      | Bought a potion of attraction for 39 gold pieces
  5716 | D:6      | Found a staircase to the Ecumenical Temple.
  5754 | D:6      | Reached XP level 8. HP: 66/66 MP: 8/8
  5754 | D:6      | Found a basalt altar of Yredelemnul.
  6440 | Temple   | Entered the Ecumenical Temple
  6548 | D:7      | Reached skill level 6 in Stealth
  6691 | D:7      | Slain by a wight

Illustrated notes

Levels and vault maps discovered:
D:1:      matt_arrival_spirals, layout_basic, serial_shops,
          nicolae_shop_just_a_little_nook
D:2:      layout_rooms, minmay_misc_feat_iff, minmay_misc_feat_four_crosses,
          uniq_jessica
D:3:      layout_basic, ebering_ghost_sewer_d
D:4:      layout_basic, portal_sewer_entry_f, uniq_sigmund
D:5:      layout_gridville, serial_shops, nicolae_shop_back_alley_shop,
          water_maze_lemuel
D:6:      layout_basic, nicolae_yredelemnul_corpse_copse, temple_pool_b,
          serial_shops, kennysheep_little_box, minivault_24,
          minmay_misc_feat_cross
D:7:      layout_cave_pods
Temple:   nicolae_temple_bog_church

Skill      XL: |  1  2  3  4  5  6  7  8 |
---------------+-------------------------+-----
Stealth        | 4 5 6 |  6.1
Dodging        | 1 2 3 4 |  4.7
Throwing       | 2 3 |  3.4
Fighting       | 3 4 |  4.5
Short Blades   | 3 4 5 |  5.9

Action                     |  1- 3 |  4- 6 |  7- 9 || total
---------------------------+-------+-------+-------++-------
  Melee: Dagger            |   103 |   236 |   203 ||   542
         Tailslap          |     8 |    30 |    25 ||    63
         Punch             |     1 |     4 |       ||     5
  Throw: Dart              |    10 |    17 |    16 ||    43
Ability: Breathe Fire      |       |       |     1 ||     1
    Use: Scroll            |     3 |     7 |       ||    10
         Potion            |       |       |     1 ||     1
   Stab: Sleeping          |       |     6 |    14 ||    20
 Armour: Skin              |    56 |   129 |   102 ||   287
  Dodge: Dodged            |    50 |   157 |    97 ||   304

Table legend: (Time is in decaauts)
 A = Elapsed time spent in this place.
 B = Non-inter-level travel time spent in this place.
 C = Inter-level travel time spent in this place.
 D = Time resting spent in this place.
 E = Time spent auto-exploring this place.
 F = Levels seen in this place.
 G = Mean time per level.
                   A        B        C        D        E       F      G
               +--------+--------+--------+--------+--------+-----+--------+
         Total |   6658 |   6193 |    465 |    846 |   3941 |   9 |  739.8 |
       Dungeon |   5843 |   5379 |    464 |    587 |   3753 |   7 |  834.7 |
        Temple |      1 |      0 |      1 |      0 |      0 |   1 |    1.0 |
         Sewer |    812 |    812 |      0 |    259 |    188 |   1 |  812.0 |
               +--------+--------+--------+--------+--------+-----+--------+

Top non-repeatable levels by time:
     D:6: 1138 daAuts
     D:3: 1072 daAuts
     D:4: 1001 daAuts
     D:5: 892 daAuts
     D:1: 862 daAuts
   Sewer: 812 daAuts
     D:2: 737 daAuts
     D:7: 139 daAuts
  Temple: 1 daAuts
